 Dungeon Crawl Stone Soup version 0.31-a0-865-g3d5d91748a (webtiles) character file.

Game seed: 17147907118566582099

582 tilp the Sneak (level 7, -3/52 HPs)
             Began as a Vampire Enchanter on Oct 11, 2023.
             Was a Follower of Wu Jian.
             Slain by a hornet (15 damage)
             ... on level 5 of the Dungeon.
             The game lasted 00:07:48 (4005 turns).

tilp the Sneak (Vampire Enchanter)                  Turns: 4005, Time: 00:07:48

Health: -3/52      AC:  5    Str:  7    XL:     7   Next: 14%
Magic:  7/11       EV: 13    Int: 19    God:    Wu Jian [*.....]
Gold:   216        SH:  0    Dex: 15    Spells: 4/12 levels left

rFire   . . .        a - +1 dagger
rCold   . . .        (no shield)
rNeg    . . .        n - +0 robe
rPois   .            (no helmet)
rElec   .            m - +0 cloak
rCorr   .            (no gloves)
SInv    +            e - +1 pair of boots
Will    .....        f - amulet of magic regeneration
Stlth   +++          (no ring)
HPRegen 0.48/turn    (no ring)
MPRegen 0.52/turn

%: no passive effects
@: lethally poisoned (-3 -> -4), confusing by touch, healing quickly, slowed,
very slow
A: alive, fangs 3, see invisible, vampiric 2
a: Exsanguinate, Renounce Religion


You were on level 5 of the Dungeon.
You worshipped Wu Jian.
Wu Jian was aware of your devotion.
You visited 2 branches of the dungeon, and saw 6 of its levels.

You collected 216 gold pieces.

Inventory:

Hand Weapons
 a - a +1 dagger (weapon)
 b - a +0 short sword of venom
 p - a +1 short sword of protection
Missiles
 g - 19 poisoned darts (quivered)
 j - 2 javelins
Armour
 e - a +1 pair of boots (worn)
 m - a +0 cloak (worn)
 n - a +0 robe (worn)
Jewellery
 f - an amulet of magic regeneration (around neck)
 i - an amulet of the acrobat
Wands
 h - a wand of paralysis (3)
Scrolls
 u - a scroll of blinking
Potions
 c - 2 potions of invisibility
 d - 2 potions of resistance
 k - a potion of attraction
 l - a potion of heal wounds
 o - a potion of brilliance
 q - a potion of haste {unknown}
 r - 2 potions of degeneration {unknown}
 s - a potion of curing {unknown}
 t - a potion of might {unknown}


   Skills:
 * Level 3.0 Fighting
 * Level 4.1 Short Blades
 + Level 3.6 Dodging
 + Level 5.8 Stealth
 + Level 3.0 Spellcasting
 + Level 5.5 Hexes
 + Level 1.3 Ice Magic
 + Level 1.1 Evocations


You had 4 spell levels left.
You knew the following spells:

 Your Spells              Type           Power      Damage    Failure   Level
a - Ensorcelled Hibernat  Hex/Ice        32%        N/A       5%          2
b - Confusing Touch       Hex            24%        N/A       4%          3
c - Tukima's Dance        Hex            24%        N/A       4%          3

Your spell library contained the following spells:

 Spells                   Type           Power      Damage    Failure   Level
 Freeze                   Ice            32%        1d5       9%          1
 Dazzling Flash           Conj/Hex       26%        N/A       14%         3
 Magic Dart               Conj           8%         1d3       16%         1
 Call Imp                 Summ           4%         N/A       22%         2
 Frozen Ramparts          Ice            16%        1d3       26%         3
 Hailstorm                Conj/Ice       5%         3d4       34%         3
 Mephitic Cloud           Conj/Pois/Air  2%         N/A       41%         3


Dungeon Overview and Level Annotations

Branches:
Dungeon (5/15)             Temple (1/1) D:4

Altars:
Fedhas
Gozag
Hepliaklqana
Nemelex Xobeh
Qazlal
Trog
Wu Jian

Shops:
D:3 =

Portals:
Ossuary: D:5


Innate Abilities, Weirdness & Mutations

Your natural rate of healing is accelerated.
You have razor-sharp teeth.
You have supernaturally acute eyesight. (SInv)
You are afflicted with vampirism and can become a bat while bloodless.


Message History

Press: ? - help, Shift-Dir - straight line, f/p - hornet
Aim: a hornet (chance to affect: 40%)
The hornet resists with some effort.
The hornet misses you. The hornet stings you.
You feel yourself slow down.
Unknown command.
Casting: Ensorcelled Hibernation (safe; 5% risk of failure)
Confirm with . or Enter, or press ? or * to list all spells.
Aiming: Ensorcelled Hibernation (safe; 5% risk of failure)
Press: ? - help, Shift-Dir - straight line, f/p - hornet
Aim: a hornet (chance to affect: 40%)
The hornet looks drowsy...
Unknown command.
The helpless hornet fails to defend itself.
You impale the hornet!!
The hornet is almost dead.
The hornet misses you. The hornet stings you.
You are poisoned.
You feel as though you will be slow longer.
Unknown command.
Casting: Ensorcelled Hibernation (safe; 5% risk of failure)
Confirm with . or Enter, or press ? or * to list all spells.
Your hands begin to glow red.
You feel very sick. The hornet barely misses you. x2
Unknown command.
You closely miss the hornet.
The hornet is almost dead.
You feel sick. The hornet stings you!
You feel as though you will be slow longer.
The hornet stings you!
You feel as though you will be slow longer.
You closely miss the hornet.
The hornet is almost dead.
You feel sick. The hornet stings you!
* * * LOW HITPOINT WARNING * * *
You feel as though you will be slow longer.
You closely miss the hornet.
The hornet is almost dead.
You feel sick. The hornet completely misses you. The hornet stings you!
You die...

##...#
#..########.........##...#
###......# #####....####..#
##(.....######## #......#
#..#
.............###......<..#..#
.# .#.....#.#....####.......
....∩..#.#...### #....:.
.............#.#
........y..#..# # .
........@.#..# ## ..
............# .#...
.#........## .... ###......##
.# ###.##..(...#.. ##
#...##..........
#..............
#.............. #
###..............


You could see a hornet.

Vanquished Creatures
  A water moccasin (D:5)
  4 killer bees (D:5)
  Ijyb (D:3)
  4 gnolls (D:5)
  12 adders
  2 ufetubi
  3 worms
  3 dart slugs
  7 orcs
  4 bats
  6 endoplasms
  5 giant cockroaches
  4 goblins
  7 hobgoblins
  6 jackals (D:1)
  9 kobolds
  3 quokkas
  9 ball pythons
  A frilled lizard (D:1)
  9 rats
100 creatures vanquished.

Notes
Turn   | Place    | Note
-------+----------+-------------------------------------------
     0 | D:1      | tilp the Vampire Enchanter began the quest for the Orb.
     0 | D:1      | Reached XP level 1. HP: 13/13 MP: 3/3
   110 | D:1      | Reached XP level 2. HP: 17/20 MP: 5/5
   114 | D:1      | Learned a level 2 spell: Ensorcelled Hibernation
   338 | D:1      | Reached skill level 1 in Fighting
   432 | D:1      | Gained mutation: You are afflicted with vampirism and can
                  | become a bat while bloodless. [Vampire growth]
   432 | D:1      | Reached XP level 3. HP: 21/26 MP: 6/6
   553 | D:1      | Learned a level 3 spell: Confusing Touch
  1681 | D:2      | You fall into a shaft and drop 1 floor!
  1746 | D:3      | Reached XP level 4. HP: 13/32 MP: 2/7
  1804 | D:3      | Found Wiojyning's Jewellery Shop.
  1846 | D:3      | Noticed Ijyb
  1982 | D:3      | Found a hazy altar of Hepliaklqana.
  2017 | D:3      | Reached skill level 5 in Stealth
  2257 | D:3      | Reached skill level 5 in Hexes
  2257 | D:3      | Reached XP level 5. HP: 38/38 MP: 8/8
  2266 | D:3      | Learned a level 3 spell: Tukima's Dance
  2681 | D:3      | Found Wiojyning's Jewellery Shop.
  2689 | D:3      | Paralysed by Ijyb for 5 turns
  2704 | D:3      | Killed Ijyb
  2781 | D:3      | Found a hazy altar of Hepliaklqana.
  2977 | D:4      | Found a staircase to the Ecumenical Temple.
  2989 | Temple   | Entered the Ecumenical Temple
  2998 | Temple   | Became a worshipper of the Wu Jian Council
  3708 | D:5      | Entered Level 5 of the Dungeon
  3797 | D:5      | Noticed a hornet
  3803 | D:5      | Reached XP level 6. HP: 46/46 MP: 7/9
  3817 | D:5      | Reached skill level 1 in Ice Magic
  3913 | D:5      | Noticed a water moccasin
  3920 | D:5      | Killed a water moccasin
  3920 | D:5      | Reached * piety under Wu Jian
  3921 | D:5      | Reached skill level 1 in Evocations
  3921 | D:5      | Reached XP level 7. HP: 42/52 MP: 9/11
  3993 | D:5      | Found a sand-covered staircase.
  4005 | D:5      | Slain by a hornet

Illustrated notes

Levels and vault maps discovered:
D:1:      dpeg_arrival_round_b, layout_basic
D:2:      layout_rooms
D:3:      layout_basic, lemuel_doored_altar, serial_shops,
          nicolae_shop_pleasant_corner_grove, uniq_ijyb
D:4:      layout_loops_ring, minmay_temple_entry_crystal_x, serial_glass,
          glass_columns_c, glass_columns_b, glass_columns_c, glass_columns_b,
          glass_columns_c, glass_columns_b
D:5:      layout_layer_cave, enter_ossuary_1, chequers_mini_garden
Temple:   hellmonk_temple_two_chambers

Skill      XL: |  1  2  3  4  5  6  7 |
---------------+----------------------+-----
Fighting       | 1 2 3 |  3.0
Short Blades   | 2 3 4 |  4.1
Stealth        | 5 |  5.8
Hexes          | 5 |  5.5
Dodging        | 3 |  3.6
Ice Magic      | 1 |  1.3
Evocations     | 1 |  1.1
Spellcasting   | 3 |  3.0

Action                     |  1- 3 |  4- 6 |  7- 9 || total
---------------------------+-------+-------+-------++-------
  Melee: Dagger            |   141 |   118 |    12 ||   271
         Bite              |    12 |     9 |       ||    21
         Punch             |     1 |     1 |       ||     2
   Cast: Ensorcelled Hiber |    11 |    34 |     7 ||    52
         Confusing Touch   |     1 |     3 |     2 ||     6
Ability: Lunge             |       |     5 |     2 ||     7
  Evoke: Wand              |       |     2 |       ||     2
    Use: Scroll            |     3 |     5 |     1 ||     9
   Stab: Sleeping          |    16 |    25 |     4 ||    45
         Confused          |       |     2 |     1 ||     3
         Distracted        |       |     1 |       ||     1
         Paralysed         |       |     2 |       ||     2
 Armour: Robe              |    71 |    60 |    12 ||   143
  Dodge: Dodged            |    99 |    89 |    12 ||   200

Table legend: (Time is in decaauts)
 A = Elapsed time spent in this place.
 B = Non-inter-level travel time spent in this place.
 C = Inter-level travel time spent in this place.
 D = Time resting spent in this place.
 E = Time spent auto-exploring this place.
 F = Levels seen in this place.
 G = Mean time per level.
                   A        B        C        D        E       F      G
               +--------+--------+--------+--------+--------+-----+--------+
         Total |   3975 |   3881 |     94 |    602 |   2143 |   6 |  662.5 |
       Dungeon |   3956 |   3871 |     85 |    602 |   2143 |   5 |  791.2 |
        Temple |     18 |      9 |      9 |      0 |      0 |   1 |   18.0 |
               +--------+--------+--------+--------+--------+-----+--------+

Top non-repeatable levels by time:
     D:3: 1219 daAuts
     D:1: 951 daAuts
     D:2: 767 daAuts
     D:4: 726 daAuts
     D:5: 292 daAuts
  Temple: 18 daAuts
